 Dungeon Crawl Stone Soup version 0.28-a0-1199-gef9e1dbd39 (webtiles) character file.

Game seed: 8497199455147759587

1012 ytrimaz the Insei (level 8, -1/52 HPs)
             Began as an Octopode Transmuter on Dec 19, 2021.
             Was an Initiate of Ashenzari.
             Slain by a gnoll shaman (9 damage)
             ... on level 5 of the Dungeon.
             The game lasted 00:08:10 (7787 turns).

ytrimaz the Insei (Octopode Transmuter)             Turns: 7787, Time: 00:08:11

Health: -1/52      AC:  2    Str:  9 (11) XL:     8   Next: 21%
Magic:  6/15       EV: 19    Int: 16      God:    Ashenzari [......]
Gold:   1169       SH:  0    Dex: 16 (17) Spells: 10/16 levels left

rFire   . . .      SeeInvis .     - Unarmed
rCold   . . .      Faith    .   (shield currently unavailable)
rNeg    . . .      Spirit   .   (helmet currently unavailable)
rPois   x          Reflect  .   (no amulet)
rElec   .          Harm     .   (no ring)
rCorr   .          Rampage  .   (no ring)
Will    .....                   (no ring)
Stlth   +.........              (no ring)
HPRegen 0.17/turn               (no ring)
MPRegen 0.14/turn               (no ring)
                                (no ring)
                                (no ring)

@: lit by a corona, spider-form, wereblooded, very slightly contaminated,
glowing
A: venomous fangs, almost no armour, (amphibious), 8 rings, tiny, (camouflage
1), (gelatinous body 1), (nimble swimmer 1), (tentacles), deterioration 1, dopey
1, screaming 1, strong 1, MP-powered wands
a: End Transformation, Renounce Religion, Curse Item


You were on level 5 of the Dungeon.
You worshipped Ashenzari.
Ashenzari was noncommittal.
You were a venomous arachnid creature.
You visited 2 branches of the dungeon, and saw 6 of its levels.

You collected 1169 gold pieces.

Inventory:

Jewellery
 g - a ring of ice
Scrolls
 c - a scroll of silence
 d - a scroll of fear
Potions
 a - a potion of brilliance
 f - a potion of heal wounds {unknown}
 h - a potion of cancellation {unknown}
 i - a potion of lignification
 j - a potion of haste {unknown}


   Skills:
 * Level 3.4 Fighting
 - Level 2.0 Dodging
 + Level 5.6 Unarmed Combat
 * Level 4.9 Spellcasting
 * Level 5.0 Transmutations
 + Level 1.6 Poison Magic


You had 10 spell levels left.
You knew the following spells:

 Your Spells              Type           Power      Damage    Failure   Level
a - Beastly Appendage     Tmut           40%        N/A       8%          1
b - Wereblood             Tmut           20%        N/A       11%         2
c - Spider Form           Tmut/Pois      14%        N/A       28%         3

Your spell library contained the following spells:

 Spells                   Type           Power      Damage    Failure   Level
 Pain                     Necr           12%        1d4       34%         1
 Ice Form                 Ice/Tmut       12%        N/A       69%         4
 Agony                    Necr           3%         N/A       100%        5
 Excruciating Wounds      Necr           1%         N/A       100%        5


Dungeon Overview and Level Annotations

Branches:
Dungeon (5/15)             Temple (1/1) D:4

Altars:
Ashenzari
Elyvilon
Gozag
Hepliaklqana
Kikubaaqudgha
Nemelex Xobeh
Okawaru
Qazlal
Sif Muna
Trog
Uskayaw
Wu Jian
Xom
Zin

Annotations:
D:3 Grinder


Innate Abilities, Weirdness & Mutations

You are a venomous arachnid creature.
You have poisonous fangs.
You are tiny and dextrous.
Your spellcasting is less reliable in this form.
Your armour is entirely melded.
You are incapable of wielding weapons or throwing items.
You cannot wear most types of armour.
((You are amphibious.))
You can wear up to eight rings at the same time.
((Your skin changes colour to match your surroundings (Stealth+).))
((Your rubbery body absorbs attacks. (AC +1, EV +1)))
((You are camouflaged near water. (Stealth+)))
((You have tentacles for arms and can constrict up to eight enemies at once.))
Your body sometimes deteriorates upon taking damage.
You are dopey. (Int -2)
You occasionally shout uncontrollably at your foes.
Your muscles are strong. (Str +2)
You expend magic power (3 MP) to strengthen your wands.


Message History

The gnoll shaman shouts!
The gnoll shouts!
The gnoll shaman hits you with a +0 whip!
Unknown command.
Casting: Spider Form (dangerous; 12% risk of failure)
Confirm with . or Enter, or press ? or * to list all spells.
You miscast Spider Form.
Nothing appears to happen.
The gnoll shaman calls down the wrath of its god upon you.
You are outlined in light.
The gnoll shouts!
The gnoll hits you with a +0 whip!
Casting: Spider Form (dangerous; 12% risk of failure)
Confirm with . or Enter, or press ? or * to list all spells.
You turn into a venomous arachnid creature.
The gnoll hits you with a +0 whip.
Your body deteriorates!
You feel weakened.
Casting: Spider Form (dangerous; 28% risk of failure)
Confirm with . or Enter, or press ? or * to list all spells.
Your blood is infused with primal strength.
The gnoll shaman completely misses you.
Unknown command.
You hit the gnoll shaman but do no damage.
You hit the gnoll shaman but do no damage.
The gnoll shaman is poisoned.
The gnoll shaman misses you.
You hit the gnoll shaman.
The gnoll shaman looks as sick as possible!
The gnoll shaman is heavily wounded.
The gnoll shaman hits you with a +0 whip!
The gnoll hits you with a +0 whip!
* * * LOW HITPOINT WARNING * * *
Your body deteriorates!
You feel weakened.
You barely miss the gnoll shaman.
The gnoll shaman is heavily wounded.
The gnoll closely misses you. The gnoll shaman misses you.
The gnoll misses you.
You hit the gnoll.
The gnoll is moderately wounded.
The gnoll hits you from afar with a +0 spear.
* * * LOW HITPOINT WARNING * * *
The gnoll shaman hits you with a +0 whip!
You die...

...# ##..# ...# #...# ##..
..## ##.### #..# _.# ##.##
#..# ### ##.## #..# #. #
#..# #..# #.. # #..# #..#
### #.. #..# #..# #.###.# #
#..# #.s###..#..# #####..#
##ggg.....# ......##
###g.....##### ......##
##.......... .......##
##....#### ...##...######
#....# ..####.......##
#....## ...##..))..##.##
##.....###
.........#####.####.........


You could see a gnoll shaman (extremely poisoned) and 3 gnolls.

Vanquished Creatures
  A black bear (D:4)
  A necrophage (D:5)
  A centaur (D:5)
  A phantom (D:5)
  A kobold brigand (D:5)
  2 scorpions
  A wyvern skeleton (D:5)
  2 orc priests
  A jelly (D:5)
  Natasha (thrice) (D:3)
  2 iguanas (D:4)
  A killer bee zombie (D:5)
  A hound skeleton (D:4)
  A gnoll (D:4)
  A howler monkey skeleton (D:4)
  5 adders
  An adder zombie (D:5)
  2 worms (D:2)
  3 dart slugs
  7 orcs
  7 ball pythons
  6 bats
  7 endoplasms
  9 giant cockroaches
  9 hobgoblins
  8 jackals
  16 kobolds
  4 quokkas
  2 frilled lizards (D:2)
  8 goblins
  3 rats
117 creatures vanquished.

Notes
Turn   | Place    | Note
-------+----------+-------------------------------------------
     0 | D:1      | ytrimaz the Octopode Transmuter began the quest for the
                  | Orb.
     0 | D:1      | Reached XP level 1. HP: 13/13 MP: 3/3
   195 | D:1      | Reached XP level 2. HP: 18/18 MP: 3/5
   531 | D:1      | Reached XP level 3. HP: 2/23 MP: 4/6
   538 | D:1      | Learned a level 2 spell: Wereblood
   542 | D:1      | Learned a level 3 spell: Spider Form
  2280 | D:2      | Reached XP level 4. HP: 20/28 MP: 6/8
  2734 | D:2      | Found a faded altar of an unknown god.
  3163 | D:3      | Noticed Natasha
  3373 | D:3      | Killed Natasha
  3383 | D:3      | Noticed Grinder
  3415 | D:3      | Noticed Natasha
  3423 | D:3      | Killed Natasha
  3424 | D:3      | Reached XP level 5. HP: 21/34 MP: 5/9
  3647 | D:3      | Noticed Natasha
  3657 | D:3      | Killed Natasha
  4159 | D:4      | Reached XP level 6. HP: 19/39 MP: 11/11
  4597 | D:4      | Noticed a black bear
  4616 | D:4      | Killed a black bear
  4766 | D:4      | Reached skill level 1 in Poison Magic
  4862 | D:4      | Found a broken altar of Ashenzari.
  4900 | D:4      | Became a worshipper of Ashenzari the Shackled
  5075 | D:4      | Found a staircase to the Ecumenical Temple.
  5097 | Temple   | Entered the Ecumenical Temple
  5441 | D:4      | Identified a scroll of acquirement
  5441 | D:4      | Acquired 991 gold pieces
  5600 | D:4      | Reached XP level 7. HP: 36/45 MP: 6/12
  5651 | D:5      | Entered Level 5 of the Dungeon
  6011 | D:5      | Reached skill level 5 in Unarmed Combat
  6551 | D:5      | Gained mutation: Your muscles are strong. (Str +2) [potion
                  | of mutation]
  6551 | D:5      | Gained mutation: Your body sometimes deteriorates upon
                  | taking damage. [potion of mutation]
  6551 | D:5      | Gained mutation: You are dopey. (Int -2) [potion of
                  | mutation]
  6555 | D:5      | Lost mutation: Your muscles are strong. (Str +2) [potion of
                  | mutation]
  6555 | D:5      | Lost mutation: Your body sometimes deteriorates upon taking
                  | damage. [potion of mutation]
  6555 | D:5      | Gained mutation: Your body sometimes deteriorates upon
                  | taking damage. [potion of mutation]
  6555 | D:5      | Gained mutation: You expend magic power (3 MP) to
                  | strengthen your wands. [potion of mutation]
  6555 | D:5      | Gained mutation: You occasionally shout uncontrollably at
                  | your foes. [potion of mutation]
  6555 | D:5      | Gained mutation: Your muscles are strong. (Str +2) [potion
                  | of mutation]
  6560 | D:5      | Reached XP level 8. HP: 26/52 MP: 11/14
  6565 | D:5      | Reached skill level 5 in Transmutations
  7402 | D:5      | Found an iron altar of Okawaru.
  7787 | D:5      | Slain by a gnoll shaman

Illustrated notes

Levels and vault maps discovered:
D:1:      eino_arrival_water_star, layout_basic, minmay_tromino_v4_a
D:2:      layout_loops_ring, chequers_ecumenical_altar_island,
          small_statue_intersection, amcnicky_mini_corridor_feature
D:3:      layout_rooms, uniq_grinder, uniq_natasha
D:4:      layout_basic, old_standard_altar, minmay_temple_entry_fiery
D:5:      layout_layer_cave, overflow_temple_1_default, uniq_pikel
Temple:   minmay_temple_bridge_abc

Skill      XL: |  1  2  3  4  5  6  7  8 |
---------------+-------------------------+-----
Spellcasting   | 3 4 |  4.9
Transmutations | 3 4 5 |  5.0
Unarmed Combat | 4 5 |  5.6
Fighting       | 2 3 |  3.4
Poison Magic   | 1 |  1.6
Dodging        | |  2.0

Action                   |  1- 3 |  4- 6 |  7- 9 || total
-------------------------+-------+-------+-------++-------
Melee: Unarmed           |   100 |   138 |    82 ||   320
       Kick              |    14 |    17 |    11 ||    42
       Constrict         |    21 |    31 |    11 ||    63
       Tentacles         |    16 |    16 |     7 ||    39
       Punch             |       |     1 |     5 ||     6
 Cast: Beastly Appendage |    23 |    23 |     8 ||    54
       Spider Form       |     2 |     7 |     4 ||    13
       Wereblood         |       |     1 |     2 ||     3
  Use: Scroll            |     4 |     5 |     2 ||    11
       Potion            |     2 |       |     7 ||     9
 Stab: Sleeping          |     2 |     5 |       ||     7
Armor: Skin              |     9 |     5 |    14 ||    28
Dodge: Dodged            |    63 |   100 |    61 ||   224

Table legend: (Time is in decaauts)
 A = Elapsed time spent in this place.
 B = Non-inter-level travel time spent in this place.
 C = Inter-level travel time spent in this place.
 D = Time resting spent in this place.
 E = Time spent auto-exploring this place.
 F = Levels seen in this place.
 G = Mean time per level.
                   A        B        C        D        E       F      G
               +--------+--------+--------+--------+--------+-----+--------+
         Total |   7778 |   7484 |    294 |   1651 |   4775 |   6 | 1296.3 |
       Dungeon |   7534 |   7254 |    280 |   1651 |   4552 |   5 | 1506.8 |
        Temple |    243 |    229 |     14 |      0 |    223 |   1 |  243.0 |
               +--------+--------+--------+--------+--------+-----+--------+

Top non-repeatable levels by time:
     D:4: 1925 daAuts
     D:1: 1811 daAuts
     D:2: 1545 daAuts
     D:5: 1296 daAuts
     D:3: 955 daAuts
  Temple: 243 daAuts
